 Dungeon Crawl Stone Soup version 0.26-a0-651-gb41185065b (webtiles) character file.

Game seed: 15759004631424759395

65 Azzok the Skirmisher (level 3, -1/30 HPs)
             Began as a Demonspawn Fighter on Oct 17, 2020.
             Slain by a scorpion (3 damage)
             ... on level 3 of the Dungeon.
             The game lasted 00:01:53 (2225 turns).

Azzok the Skirmisher (Demonspawn Fighter)           Turns: 2225, Time: 00:01:53

Health: -1/30      AC: 10    Str: 16    XL:     3   Next: 94%
Magic:  3/3        EV:  7    Int: 10    God:
Gold:   173        SH:  9    Dex: 12    Spells: 2/2 levels left

rFire    . . .     SeeInvis .     - Unarmed
rCold    . . .     Faith    .   b - +0 kite shield
rNeg     . . .     Spirit   .   a - +0 scale mail
rPois    .         Reflect  .   (no helmet)
rElec    .         Harm     .   (no cloak)
rCorr    .         Rampage  .   g - +0 pair of gloves
MR       .....                  k - +0 pair of boots
Stlth    ..........             (no amulet)
HPRegen  0.10/turn              (no ring)
MPRegen  0.08/turn              (no ring)

@: lethally poisoned (-1 -> -15)
A: yellow scales 1
a: no special abilities


You were on level 3 of the Dungeon.
You visited 1 branch of the dungeon, and saw 3 of its levels.

You collected 173 gold pieces.

Inventory:

Armour
 a - a +0 scale mail (worn)
 b - a +0 kite shield (worn)
 g - a +0 pair of gloves (worn)
 k - a +0 pair of boots (worn)
Jewellery
 p - an uncursed ring of protection from magic {unknown}
Scrolls
 d - a scroll of amnesia {unknown}
 e - 3 scrolls of fear {unknown}
 h - a scroll of noise {unknown}
 i - 4 scrolls of identify {unknown}
 m - a scroll of remove curse {unknown}
 n - a scroll of enchant armour {unknown}
 o - a scroll of fog {unknown}
 s - a scroll of immolation {unknown}
Potions
 c - a potion of might
 f - 2 potions of heal wounds {unknown}
 j - a potion of haste {unknown}
 l - a potion of mutation {unknown}
 q - a potion of flight {unknown}
 r - a potion of stabbing {unknown}


   Skills:
 + Level 4.0 Fighting
 - Level 2.6 Armour
 + Level 3.6 Shields
 - Level 1.7 Unarmed Combat


You had 2 spell levels left.
You didn't know any spells.
Your spell library contained the following spells:

 Spells                   Type           Power        Failure   Level
 Foxfire                  Conj/Fire      #...         99%         1
 Conjure Flame            Conj/Fire      #.......     100%        3
 Inner Flame              Hex/Fire       #.......     100%        3
 Sticky Flame             Conj/Fire      #.......     100%        4
 Fireball                 Conj/Fire      #.........   100%        5


Dungeon Overview and Level Annotations

Branches:
Dungeon (3/15)

Altars:
Ru
Xom


Innate Abilities, Weirdness & Mutations

You are partially covered in yellow scales. (AC +2)


Message History

The scorpion stings you.
* * * LOW HITPOINT WARNING * * *
Your shield prevents you from hitting the scorpion.
The scorpion is moderately wounded.
The scorpion closely misses you.
You barely miss the scorpion.
The scorpion is moderately wounded.
You feel sick. The scorpion stings you.
* * * LOW HITPOINT WARNING * * *
You are lethally poisoned!
The scorpion poisons you!
You barely miss the scorpion.
The scorpion is moderately wounded.
* * * LOW HITPOINT WARNING * * *
You feel sick. The scorpion barely misses you.
You closely miss the scorpion.
The scorpion is moderately wounded.
* * * LOW HITPOINT WARNING * * *
You feel sick. The scorpion stings you.
You die...

▒·▒ ▒▒╬▒ ▒·▒· ▒·▒ ·
▒▒▒▒▒▒·▒ ▒·▒· ▒·▒ ▒·
▒······▒ ▒·▒· ▒·▒ ▒▒·▒
▒·▒▒▒▒·▒▒ ▒·▒· ▒·▒
▒▒···▒ ▒·▒▒▒···▒▒▒ ▒···
▒·▒ ▒·····▒ ▒·········▒
▒▒▒▒ ▒·▒
·······▒▒··▒▒···▒·▒▒▒▒▒▒
▒▒·▒
········▒··▒▒▒·▒▒·······
···▒
?·····s@·······▒▒▒▒▒▒▒▒▒
▒▒▒▒ ▒·····▒▒▒▒▒▒▒▒▒▒
▒▒<·· ▒▒· ▒


You could see a scorpion.

Vanquished Creatures
  An adder (D:3)
  An ufetubus (D:3)
  4 dart slugs
  An orc (D:3)
  2 giant cockroaches
  8 goblins
  6 hobgoblins
  2 jackals (D:2)
  4 bats
  3 frilled lizards
  3 kobolds (D:2)
  7 rats
42 creatures vanquished.

Vanquished Creatures (others)
  A rat (D:3)
1 creature vanquished.

Grand Total: 43 creatures vanquished

Notes
Turn   | Place    | Note
-------+----------+-------------------------------------------
     0 | D:1      | Azzok the Demonspawn Fighter began the quest for the Orb.
     0 | D:1      | Reached XP level 1. HP: 18/18 MP: 1/1
   218 | D:1      | Gained mutation: You are partially covered in yellow
                  | scales. (AC +2) [demonic ancestry]
   218 | D:1      | Reached XP level 2. HP: 24/24 MP: 2/2
  1048 | D:2      | Reached XP level 3. HP: 28/30 MP: 3/3
  1542 | D:3      | Found a sacrificial altar of Ru.
  1768 | D:3      | Found a shimmering altar of Xom.
  2162 | D:3      | Reached skill level 4 in Fighting
  2202 | D:3      | Noticed a scorpion
  2225 | D:3      | Slain by a scorpion

Illustrated notes

Levels and vault maps discovered:
D:1:      heliophobic_arrival_ceremonial_halls, layout_loops_ring
D:2:      layout_loops_ring
D:3:      layout_loops_corners, nicolae_ru_awakened_eye,
          nicolae_overflow_crystal_walls

Skill      XL: |  1  2  3 |
---------------+----------+-----
Shields        | 3 |  3.6
Fighting       | 4 |  4.0
Armour         | |  2.6
Unarmed Combat | |  1.7

Action                   || total
-------------------------++-------
Melee: Unarmed           ||   194
Armor: Scale mail        ||    72
Dodge: Dodged            ||    45
Block: Kite shield       ||    82

Table legend: (Time is in decaauts)
 A = Elapsed time spent in this place.
 B = Non-inter-level travel time spent in this place.
 C = Inter-level travel time spent in this place.
 D = Time resting spent in this place.
 E = Time spent auto-exploring this place.
 F = Levels seen in this place.
 G = Mean time per level.
                   A        B        C        D        E       F      G
               +--------+--------+--------+--------+--------+-----+--------+
         Total |   2234 |   2161 |     73 |     16 |   1735 |   3 |  744.7 |
       Dungeon |   2234 |   2161 |     73 |     16 |   1735 |   3 |  744.7 |
               +--------+--------+--------+--------+--------+-----+--------+

Top non-repeatable levels by time:
     D:2: 862 daAuts
     D:3: 713 daAuts
     D:1: 658 daAuts
